 Dungeon Crawl Stone Soup version 0.13-a0-2496-g11650dd (webtiles) character file.

89 Kae the Firebug (level 3, -8/21 HPs)
             Began as an Octopode Fire Elementalist on July 22, 2013.
             Mangled by a gnoll
             ... wielding a +0,+0 spear
              (10 damage)
             ... on Level 2 of the Dungeon.
             The game lasted 00:02:35 (1611 turns).

Kae the Firebug (Octopode Fire Elementalist)        Turns: 1611, Time: 00:02:35

HP  -8/21        AC  1     Str  7      XL: 3   Next: 50%
MP   6/6         EV 12     Int 18      God:
Gold 49          SH  0     Dex 12      Spells:  1 memorised,  4 levels left

Res.Fire  : . . .   See Invis. : .   (no weapon)
Res.Cold  : . . .   Warding    : .   (no shield)
Life Prot.: . . .   Conserve   : .   (helmet restricted)
Res.Poison: .       Res.Corr.  : .   (no amulet)
Res.Elec. : .       Clarity    : .   (no ring)
Sust.Abil.: . .     Spirit.Shd : .   (no ring)
Res.Mut.  : .       Stasis     : .   (no ring)
Res.Rott. : .       Flight     : .   (no ring)
Saprovore : . . .                    (no ring)
                                     (no ring)
                                     (no ring)
                                     (no ring)

@: not resistant to hostile enchantments, quite stealthy
A: almost no armour, amphibious, 8 rings, constrict 8, camouflage 1, AC +1
a: no special abilities


You were on level 2 of the Dungeon.
You were hungry.

You visited 1 branch of the dungeon, and saw 2 of its levels.

You collected 29 gold pieces.

Inventory:

Comestibles
 c - a bread ration
 g - a pear
Scrolls
 a - 3 scrolls of identify {unknown}
 d - a scroll of amnesia {unknown}
 e - a scroll of random uselessness {unknown}
Potions
 f - a potion of slowing {unknown}
 h - a potion of heal wounds {unknown}
Books
 b - a book of Flames

   Spells                             Type                      Level
   *Flame Tongue                      Conjuration/Fire             1
   Throw Flame                        Conjuration/Fire             2
   Conjure Flame                      Conjuration/Fire             3
   Inner Flame                        Hexes/Fire                   3
   Sticky Flame                       Conjuration/Fire             4
   Fireball                           Conjuration/Fire             5


   Skills:
 - Level 2.0 Dodging
 - Level 2.9 Stealth
 + Level 1.6 Spellcasting
 * Level 1.8 Conjurations
 * Level 3.6 Fire Magic


You had 4 spell levels left.
You knew the following spells:

 Your Spells              Type           Power        Failure   Level  Hunger
a - Flame Tongue          Conj/Fire      ##...        8%          1    #......


Dungeon Overview and Level Annotations

Branches:
Dungeon (2/27)

Altars:

Annotations
D:1 exclusion: gnoll


Innate Abilities, Weirdness & Mutations

You cannot wear most types of armour.
You are amphibious.
You can wear up to eight rings at the same time.
You can use your tentacles to constrict many enemies at once.
Your skin changes colour to match your surroundings (Stlth).
Your rubbery body absorbs attacks (AC +1).


Message History

The gnoll closely misses you.
A rat comes into view.
You see here a choko.
Found a scroll labeled STUHITT TYANYWN.
A rat comes into view.
Found 26 darts and a scroll labeled GRUVAZOZAX.
The gnoll hits you from afar with a spear!
* * * LOW HITPOINT WARNING * * *
An adder comes into view.
The adder moves out of view.
Found 7 gold pieces.
Found 5 large rocks.
The adder bites you.
* * * LOW HITPOINT WARNING * * *
Found 10 gold pieces.
The adder bites you but does no damage. The adder bites you.
* * * LOW HITPOINT WARNING * * *
The gnoll hits you from afar with a spear!
You die...

....<.####### ###
>............. ......
...........s.. .......
..###.######## #.......
.. #g# #........ ## #s#
#........ #####.##
#........ .....g.#
#........#
...?...#########@.......#
...........r.s.S.........
..........g..ggr.........
........................
.......########....$....
.......? $......(..
.......## ##########
#######


You could see 3 gnolls, an adder, a giant cockroach and 2 rats.

Vanquished Creatures
  An adder (D:2)
  An ooze (D:1)
  3 bats (D:1)
  A bat zombie (D:1)
  A giant cockroach (D:1)
  2 hobgoblins (D:1)
  5 jackals (D:1)
  2 kobolds (D:1)
  2 ball pythons (D:1)
  3 giant newts (D:1)
  4 goblins
  A goblin zombie (D:1)
  A rat (D:1)
27 creatures vanquished.

Notes
Turn   | Place    | Note
--------------------------------------------------------------
     0 | D:1      | Kae, the Octopode Fire Elementalist, began the quest for the Orb.
     0 | D:1      | Reached XP level 1. HP: 11/11 MP: 3/3
   232 | D:1      | Reached XP level 2. HP: 13/17 MP: 4/4
  1227 | D:1      | Reached XP level 3. HP: 9/21 MP: 3/6
  1611 | D:2      | Mangled by a gnoll

Action                   || total
-------------------------++-------
Melee: Unarmed           ||    72
 Cast: Flame Tongue      ||    22
  Use: Potion            ||     1
 Stab: Sleeping          ||     6
